 Dungeon Crawl Stone Soup version 0.28.0 (webtiles) character file.

Game seed: 17369819109416752946

116 fragbeetle the Bolt Thrower (level 5, 0/29 HPs)
             Began as a Kobold Arcane Marksman on Feb 12, 2022.
             Slain by a gnoll (2 damage)
             ... on level 3 of the Dungeon.
             The game lasted 00:03:35 (2239 turns).

fragbeetle the Bolt Thrower (KoAM)                  Turns: 2239, Time: 00:03:37

Health: 0/29       AC:  4    Str: 10    XL:     5   Next: 21%
Magic:  6/6        EV: 12    Int: 14    God:
Gold:   77         SH:  0    Dex: 15    Spells: 5/6 levels left

rFire   . . .      SeeInvis .   b - +2 dagger (venom)
rCold   . . .      Faith    .   (no shield)
rNeg    . . .      Spirit   .   p - +2 robe {Will+}
rPois   .          Reflect  .   (no helmet)
rElec   .          Harm     .   (no cloak)
rCorr   .          Rampage  .   (no gloves)
Will    +....                   (no boots)
Stlth   ++........              (no amulet)
HPRegen 0.09/turn               (no ring)
MPRegen 0.10/turn               (no ring)

@: constricted
A: small, no large weapons, nightstalker 3
a: no special abilities


You were on level 3 of the Dungeon.
You visited 1 branch of the dungeon, and saw 3 of its levels.

You collected 77 gold pieces.

Inventory:

Hand Weapons
 a - a +0 hand crossbow
 b - a +2 dagger of venom (weapon)
Missiles
 c - 12 bolts
Armour
 p - a +2 robe of willpower (worn)
 s - a +0 ring mail
Magical Staves
 k - a staff of death
Jewellery
 q - a ring of ice
Wands
 r - a wand of flame (18)
Scrolls
 f - 2 scrolls of immolation {unknown}
 g - 2 scrolls of summoning {unknown}
 i - 2 scrolls of enchant weapon {unknown}
 j - a scroll of teleportation {unknown}
 l - 3 scrolls of identify {unknown}
Potions
 d - a potion of mutation {unknown}
 e - a potion of magic {unknown}
 h - a potion of berserk rage {unknown}
 m - a potion of cancellation {unknown}
 n - a potion of heal wounds {unknown}
 o - 2 potions of resistance {unknown}


   Skills:
 - Level 1.1 Fighting
 * Level 6.0 Crossbows
 - Level 2.4 Dodging
 - Level 1.1 Spellcasting
 - Level 3.0 Hexes


You had 5 spell levels left.
You knew the following spells:

 Your Spells              Type           Power      Damage    Failure   Level
a - Slow                  Hex            36%        N/A       8%          1

Your spell library contained the following spells:

 Spells                   Type           Power      Damage    Failure   Level
 Dazzling Flash           Conj/Hex       8%         N/A       38%         3
 Inner Flame              Hex/Fire       4%         N/A       38%         3
 Portal Projectile        Hex/Tloc       8%         N/A       38%         3
 Cause Fear               Hex            4%         N/A       58%         4
 Silence                  Hex/Air        2%         N/A       98%         5
 Agony                    Necr           0%         N/A       100%        5


Dungeon Overview and Level Annotations

Branches:
Dungeon (3/15)

Altars:


Innate Abilities, Weirdness & Mutations

You are small and have problems with some larger weapons.
You are completely attuned to the shadows.


Message History

HP restored.
c - 12 bolts (gained 4)
You see here a +0 spear. 3 gnolls come into view.
You see here a bolt.
The helpless gnoll fails to defend itself.
You puncture the gnoll!
The gnoll looks as sick as possible!
The gnoll is severely wounded.
The gnoll shouts!
You hear an angry hiss.
You hear a shout!
The gnoll barely misses you.
The gnoll hits you from afar with a +0 spear.
You feel a bit more experienced.
Your Crossbows skill increases to level 6!
You see here a +0 spear.
A ball python comes into view.
There is a stone staircase leading up, spattered with blood here.
The ball python bites you but does no damage.
The ball python grabs you.
You stop ascending the stairs.
The ball python constricts you.
The gnoll hits you from afar with a +0 spear!
The gnoll closely misses you.
Unknown command.
You escape the ball python's grasp.
The ball python bites you but does no damage.
The ball python grabs you.
You stop ascending the stairs.
The ball python constricts you. The gnoll barely misses you.
The gnoll hits you from afar with a +0 spear.
Unknown command.
You escape the ball python's grasp.
The gnoll hits you but does no damage.
The gnoll hits you from afar with a +0 halberd.
The ball python bites you. The ball python grabs you.
You stop ascending the stairs.
The ball python constricts you.
Unknown command.
The ball python's grasp on you weakens, but your attempt to escape fails.
The ball python bites you but does no damage.
The ball python constricts you.
The gnoll hits you from afar with a +0 halberd!
* * * LOW HITPOINT WARNING * * *
The gnoll hits you from afar with a +0 spear.
You die...

# .. #.
...# #.#
#.#.#.
#.#.#.#.#.
#@#.#.#.#
#.#S#.#g#
.g#.#g#.#
..#.#.#g#
...#.#.#(#
.#.#.# #.#
.#.# #.#
.# #.


You could see 2 gnolls, a goblin and a ball python.

Vanquished Creatures
  A howler monkey (D:2)
  Jessica (D:2)
  2 gnolls (D:3)
  4 bats (D:1)
  4 endoplasms
  5 giant cockroaches
  3 goblins (D:1)
  2 hobgoblins (D:2)
  A quokka (D:1)
  2 ball pythons (D:1)
  3 frilled lizards
  3 kobolds
  4 rats (D:1)
35 creatures vanquished.

Notes
Turn   | Place    | Note
-------+----------+-------------------------------------------
     0 | D:1      | fragbeetle the Kobold Arcane Marksman began the quest for
                  | the Orb.
     0 | D:1      | Reached XP level 1. HP: 12/12 MP: 2/2
     7 | D:1      | Found a faded altar of an unknown god.
   179 | D:1      | Reached skill level 3 in Crossbows
   218 | D:1      | Reached XP level 2. HP: 16/16 MP: 3/3
   794 | D:1      | Reached skill level 4 in Crossbows
   794 | D:1      | Reached XP level 3. HP: 20/20 MP: 4/4
  1389 | D:2      | Noticed Jessica
  1394 | D:2      | Killed Jessica
  1395 | D:2      | Reached XP level 4. HP: 25/25 MP: 5/5
  1500 | D:2      | Reached skill level 5 in Crossbows
  2107 | D:3      | Reached XP level 5. HP: 18/29 MP: 6/6
  2234 | D:3      | Reached skill level 6 in Crossbows
  2239 | D:3      | Slain by a gnoll

Illustrated notes

Levels and vault maps discovered:
D:1:      scummos_arrival_checkerplants, layout_loops_cross,
          dreamdust_ecumenical_altar_grove, minmay_misc_feat_five
D:2:      layout_basic, uniq_jessica
D:3:      layout_basic, kennysheep_generic_room_6, uniq_robin

Skill      XL: |  1  2  3  4  5 |
---------------+----------------+-----
Crossbows      | 3 4 5 6 |  6.0
Fighting       | |  1.1
Dodging        | |  2.4
Spellcasting   | |  1.1
Hexes          | |  3.0

Action                   |  1- 3 |  4- 6 || total
-------------------------+-------+-------++-------
Melee: Staff             |    14 |       ||    14
       Dagger            |    10 |    17 ||    27
       Punch             |       |     1 ||     1
 Fire: Hand crossbow     |    33 |     9 ||    42
 Stab: Sleeping          |     1 |     3 ||     4
Armor: Robe              |     2 |     9 ||    11
Dodge: Dodged            |    22 |     9 ||    31
